 Dungeon Crawl Stone Soup version 0.23-a0-405-g368ce00 (webtiles) character file.

59322 Dawnplanks the Executioner (level 14, -9/133 HPs)
             Began as a Hill Orc Berserker on Nov 6, 2018.
             Was a High Priest of Trog.
             Killed by divine providence
             ... invoked by Saint Roka
              (13 damage)
             ... on level 2 of the Orcish Mines.
             The game lasted 01:12:28 (21575 turns).

Dawnplanks the Executioner (Hill Orc Berserker)    Turns: 21575, Time: 01:12:29

Health: -9/133     AC: 28    Str: 24    XL:     14   Next: 94%
Magic:  14/14      EV: 11    Int: 10    God:    Trog [*****.]
Gold:   1905       SH:  0    Dex: 21    Spells: 13/13 levels left

rFire    + + +     SeeInvis .   b - +8 executioner's axe "Quulecreb" {chop, rC+}
rCold    + . .     Gourm    .   (shield currently unavailable)
rNeg     + . .     Faith    .   S - +6 chain mail of the Crown {rF+ MR+}
rPois    .         Spirit   .   V - +0 helmet
rElec    .         Reflect  .   U - +0 cloak
rCorr    .         Harm     .   D - +2 pair of gloves of Neary {*Slow rF++ Dex+5 Slay+2}
MR       +++++                  C - +2 pair of boots of the Poles {Dex+5}
Stlth    ..........             E - amulet of the acrobat
HPRegen  1.32/turn              d - ring of protection from magic
MPRegen  0.14/turn              J - ring "Jankyuho" {rN+ Int+3}

@: berserk cooldown, very slightly contaminated, regenerating, slowed, drained,
very slow
A: no striking features
a: Berserk, Trog's Hand, Brothers in Arms, Renounce Religion, Convert to Beogh


You were on level 2 of the Orcish Mines.
You worshipped Trog.
Trog was extremely pleased with you.
You were near starving.

You visited 4 branches of the dungeon, and saw 22 of its levels.
You also visited: Labyrinth, Ossuary and Bailey.

You collected 2422 gold pieces.
You spent 517 gold pieces at shops.

Inventory:

Hand Weapons
 b - the +8 executioner's axe "Quulecreb" (weapon) {chop, rC+}
   (You acquired it on level 1 of the Lair of Beasts)

   It inflicts extra damage upon your enemies.
   It protects you from cold.
 y - a +6 antimagic battleaxe
Missiles
 K - 4 throwing nets
 O - 44 tomahawks of returning (quivered)
Armour
 C - the +2 pair of boots of the Poles (worn) {Dex+5}
   (You found it on level 9 of the Dungeon)

   It affects your dexterity (+5).
 D - the +2 pair of gloves of Neary (worn) {*Slow rF++ Dex+5 Slay+2}
   (You found it on level 5 of the Dungeon)

   It affects your dexterity (+5).
   It affects your accuracy and damage with ranged weapons and melee attacks
   (+2).
   It greatly protects you from fire.
   It may slow you when you take damage.
 S - the +6 chain mail of the Crown (worn) {rF+ MR+}
   (You bought it in a shop on level 9 of the Dungeon)

   It protects you from fire.
   It affects your resistance to hostile enchantments.
 U - a +0 cloak (worn)
 V - a +0 helmet (worn)
Jewellery
 d - a ring of protection from magic (left hand)
 u - an uncursed ring of see invisible
 E - an amulet of the acrobat (around neck)
 J - the ring "Jankyuho" (right hand) {rN+ Int+3}
   (You found it on level 4 of the Lair of Beasts)

   [ring of positive energy]

   It affects your intelligence (+3).
   It protects you from negative energy.
 R - an uncursed ring of protection from cold
Scrolls
 a - 4 scrolls of immolation
 f - 14 scrolls of teleportation {unknown}
 h - 6 scrolls of enchant armour
 l - 4 scrolls of remove curse
 m - 6 scrolls of enchant weapon
 s - 4 scrolls of fear
 F - a scroll of vulnerability {unknown}
 I - 2 scrolls of magic mapping
 N - a scroll of fog
 P - 2 scrolls of identify
 X - a scroll of silence {unknown}
Potions
 e - 7 potions of curing
 k - a potion of flight
 n - 2 potions of invisibility
 o - 7 potions of agility {unknown}
 p - a potion of degeneration {unknown}
 r - 2 potions of mutation
 t - 3 potions of might
 v - 3 potions of ambrosia
 w - 3 potions of resistance
 A - 4 potions of heal wounds
 B - 3 potions of haste
 G - 4 potions of brilliance
 H - a potion of berserk rage
 Z - a potion of magic {unknown}
Miscellaneous
 g - a lightning rod (4/4)
Comestibles
 c - 40 rations


   Skills:
 + Level 14.4(14.2) Fighting
 + Level 22.3(22.0) Axes
 + Level 12.8(12.5) Armour
 + Level 4.2(4.0) Dodging


You had 13 spell levels left.
You didn't know any spells.
Your spell library contained the following spells:

 Spells                   Type           Power        Failure   Level  Hunger
 Animate Skeleton         Necr           N/A          87%         1    ##.....
 Apportation              Tloc           #.....       87%         1    ##.....
 Beastly Appendage        Tmut           #.....       87%         1    ##.....
 Confusing Touch          Hex            #.....       87%         1    ##.....
 Flame Tongue             Conj/Fire      #....        87%         1    ##.....
 Magic Dart               Conj           #...         87%         1    ##.....
 Shock                    Conj/Air       #...         87%         1    ##.....
 Summon Butterflies       Summ           #.......     87%         1    ##.....
 Summon Small Mammal      Summ           #...         87%         1    ##.....
 Ensorcelled Hibernation  Hex/Ice        #.....       95%         2    ###....
 Searing Ray              Conj           #.....       95%         2    ###....
 Sticks to Snakes         Tmut           #.......     95%         2    ###....
 Swiftness                Chrm/Air       #.......     95%         2    ###....
 Throw Flame              Conj/Fire      #.....       95%         2    ###....
 Conjure Flame            Conj/Fire      #.......     99%         3    ####...
 Dazzling Spray           Conj/Hex       #.....       99%         3    ####...
 Inner Flame              Hex/Fire       #.......     99%         3    ####...
 Lesser Beckoning         Tloc           #.........   99%         3    ####...
 Spider Form              Tmut/Pois      #.........   99%         3    ####...
 Static Discharge         Conj/Air       #.......     99%         3    ####...
 Tukima's Dance           Hex            #.......     99%         3    ####...
 Airstrike                Air            #.........   100%        4    #####..
 Force Lance              Conj/Tloc      #.......     100%        4    #####..
 Fulminant Prism          Conj/Hex       #.........   100%        4    #####..
 Ice Form                 Ice/Tmut       #.......     100%        4    #####..
 Iskenderun's Mystic Bla  Conj           #.......     100%        4    #####..
 Sticky Flame             Conj/Fire      #.......     100%        4    #####..
 Alistair's Intoxication  Tmut/Pois      #.......     100%        5    ######.
 Blade Hands              Tmut           #.........   100%        5    ######.
 Borgnjor's Vile Clutch   Necr/Erth      #.........   100%        5    ######.
 Fireball                 Conj/Fire      #.........   100%        5    ######.
 Lightning Bolt           Conj/Air       #.........   100%        5    ######.
 Silence                  Hex/Air        #.........   100%        5    ######.
 Darkness                 Hex            #.........   100%        6    #######
 Invisibility             Hex            #.......     100%        6    #######
 Shadow Creatures         Summ           N/A          100%        6    #######


Dungeon Overview and Level Annotations

Branches:
Dungeon (13/15)            Temple (1/1) D:4            Lair (6/6) D:9
  Swamp (0/4) Lair:2       Spider (0/4) Lair:4        Slime (0/5) Lair:5
    Orc (2/2) D:12         Vaults (0/5) D:13
    Elf: Orc:2

Altars:
Cheibriados
Elyvilon
Fedhas
Gozag
Hepliaklqana
Makhleb
Qazlal
Trog
Vehumet
Wu Jian
Xom
Yredelemnul
Zin

Shops:
D:9 [   D:10 (

Annotations:
D:12 3 runed doors, foolusion's ghost, journeyman MiFi
Orc:2 Saint Roka


Message History

The bolt of negative energy hits you! You partially resist.
You feel drained.
You slash Saint Roka!
Saint Roka shouts, "Surrender to Beogh and we'll let you live!"
Saint Roka is lightly wounded.
Saint Roka calls down the wrath of Beogh upon you.
Beogh smites you!
The orc sorcerer gestures at you while chanting.
The bolt of fire hits you! You resist.
Saint Roka hits you with a +2 battleaxe of freezing!!!
* * * LOW HITPOINT WARNING * * *
Saint Roka freezes you!
* * * LOW HITPOINT WARNING * * *
Unknown command.
Blink to where?
Press: ? - help, Dir - move target cursor You are very lightly contaminated with residual magic.
As you read the scroll of blinking, it crumbles to dust.
Saint Roka calls down the wrath of Beogh upon you.
Beogh smites you!
You die...

....................
............$.......
.............#.....#
....................
.......o.......#....
....o..ยง.......##.#.
.###..)))......# ##
.#................
#......@...........
...#.#)...........#
$.................#
.#.................
.....#............
....#............
...#.#.......... #..
.#........


You could see Saint Roka and an orc sorcerer.

Vanquished Creatures
  Gastronok (D:9)
  A stone giant (Orc:1)
  A minotaur (Lab)
  A fire dragon (Lair:6)
  Josephine (D:12)
  4 vault guards (D:13)
  Harold (D:7)
  7 hydras
  Erolcha (Orc:1)
  A death knight (D:13)
  2 two-headed ogres
  A centaur warrior (D:11)
  Sonja (Lair:5)
  A skeletal warrior (D:13)
  The ghost of Sakli the Eclecticist, a novice DEWz of Vehumet (D:13)
  An unseen horror (D:13)
  A wizard (D:13)
  A lindwurm (Lair:6)
  An orb spider (Lair:4)
  2 orc knights
  2 ugly things
  2 cyclopes
  3 elephants (Lair:4)
  4 black mambas
  3 molten gargoyles (Lair:6)
  8 spiny frogs
  2 gargoyles (D:13)
  A yaktaur (D:13)
  A kobold demonologist (D:13)
  3 freezing wraiths (D:13)
  2 rime drakes
  A tengu conjurer (D:13)
  6 komodo dragons
  4 trolls
  A hornet (D:9)
  16 blink frogs
  6 dream sheep (Lair:6)
  4 polar bears
  9 hippogriffs
  7 wraiths
  17 yaks
  5 wyverns
  3 basilisks (Lair:6)
  2 steam dragons (Lair:6)
  2 hungry ghosts
  A warg (Orc:2)
  2 acid dragons (D:12)
  5 hell hounds (Lair:6)
  A hydra simulacrum (Lair:4)
  6 water moccasins
  2 porcupines (Lair:2)
  2 black bears
  A necrophage (D:5)
  28 orc warriors
  3 ice beasts
  2 ogres
  6 sky beasts
  24 wolves
  10 centaurs
  10 crocodiles
  12 bullfrogs
  6 killer bees
  3 wights (D:7)
  4 howler monkeys
  A rime drake simulacrum (Lair:4)
  2 bullfrog zombies
  3 centaur zombies
  4 crimson imps
  A hippogriff simulacrum (Lair:4)
  5 lava snakes (Lair:6)
  7 jellies
  9 hounds
  3 quasits
  11 orc priests
  A bullfrog skeleton (D:9)
  24 orc wizards
  2 centaur skeletons
  3 iguanas
  Terence (D:3)
  6 worker ants
  A wolf simulacrum (Lair:4)
  A big kobold zombie (Ossuary)
  A bullfrog simulacrum (Lair:4)
  8 mummies (Ossuary)
  A worker ant zombie (D:9)
  9 gnolls
  11 adders
  3 shadow imps
  6 oozes
  An adder zombie (D:4)
  2 adder skeletons
  3 worms
  A dart slug (D:1)
  5 leopard geckos
  88 orcs
  4 giant cockroaches
  A gnoll zombie (Ossuary)
  7 goblins
  5 hobgoblins
  8 jackals
  7 quokkas
  6 bats
  4 frilled lizards
  2 hobgoblin zombies (Ossuary)
  A jackal skeleton (D:4)
  20 kobolds
  A kobold zombie (Ossuary)
  3 orc zombies (Ossuary)
  A quokka skeleton (D:7)
  9 rats
  4 fungi
  A plant (Lair:4)
581 creatures vanquished.

Vanquished Creatures (collateral kills)
  An orc high priest (Orc:2)
  An orc knight (Orc:2)
  2 oklob plants (Lair:1)
  2 orc priests (Orc:2)
  An orc wizard (Orc:2)
  2 orcs (Orc:2)
  A butterfly (Lair:1)
  A plant (Lair:1)
11 creatures vanquished.

Vanquished Creatures (others)
  An orc wizard (Orc:1)
  An orc (Orc:1)
  3 fungi
  2 plants (Lair:6)
7 creatures vanquished.

Grand Total: 599 creatures vanquished

Notes
Turn   | Place    | Note
-------+----------+-------------------------------------------
     0 | D:1      | Dawnplanks the Hill Orc Berserker began the quest for the
                  | Orb.
     0 | D:1      | Reached XP level 1. HP: 19/19 MP: 1/1
   249 | D:1      | Reached XP level 2. HP: 27/27 MP: 2/2
   731 | D:1      | Reached XP level 3. HP: 33/33 MP: 3/3
  1081 | D:2      | Reached skill level 5 in Axes
  1278 | D:2      | Reached ** piety under Trog
  1278 | D:2      | Reached XP level 4. HP: 41/41 MP: 4/4
  1710 | D:3      | Found a glowing silver altar of Zin.
  1711 | D:3      | Found an opulent altar of Gozag.
  1779 | D:3      | Reached XP level 5. HP: 47/47 MP: 5/5
  1885 | D:3      | Noticed Terence
  1900 | D:3      | Killed Terence
  1900 | D:3      | Reached skill level 6 in Axes
  2483 | D:4      | Reached XP level 6. HP: 53/55 MP: 6/6
  2585 | D:4      | Reached skill level 5 in Fighting
  2674 | D:4      | Reached skill level 7 in Axes
  2726 | D:4      | Noticed a sky beast
  2738 | D:4      | Killed a sky beast
  2778 | D:4      | Reached *** piety under Trog
  2778 | D:4      | Reached XP level 7. HP: 48/61 MP: 7/7
  2918 | D:4      | Reached skill level 8 in Axes
  3060 | D:4      | Received a gift from Trog
  3064 | D:4      | Found a faded altar of an unknown god.
  3064 | D:4      | Found a bloodstained altar of Trog.
  3069 | D:4      | Found a blossoming altar of Fedhas.
  3074 | D:4      | Found a shimmering altar of Xom.
  3076 | D:4      | Found a faded altar of an unknown god.
  3113 | D:4      | Found a white marble altar of Elyvilon.
  3117 | D:4      | Found an ornate altar of the Wu Jian Council.
  3118 | D:4      | Found a basalt altar of Yredelemnul.
  3262 | D:4      | Found a staircase to the Ecumenical Temple.
  3321 | D:4      | Found a hazy altar of Hepliaklqana.
  3362 | Temple   | Entered the Ecumenical Temple
  3383 | D:5      | Entered Level 5 of the Dungeon
  3527 | D:5      | Got a fine bronze amulet
  3528 | D:5      | Identified the amulet of Xestrumu {Harm *Drain MR+} (You
                  | found it on level 5 of the Dungeon)
  3577 | D:5      | Reached skill level 9 in Axes
  3577 | D:5      | Reached XP level 8. HP: 69/69 MP: 8/8
  3588 | D:5      | Got a pair of ichor-stained gloves
  3594 | D:5      | Identified the +2 pair of gloves of Neary {*Slow rF++ Dex+5
                  | Slay+2} (You found it on level 5 of the Dungeon)
  3601 | D:5      | Reached skill level 5 in Armour
  3887 | D:5      | Found a stormy altar of Qazlal.
  3892 | D:5      | Found a radiant altar of Vehumet.
  4174 | D:6      | Found a sand-covered staircase.
  4185 | Ossuary  | Entered an ossuary
  4207 | Ossuary  | Reached **** piety under Trog
  4218 | Ossuary  | Reached skill level 10 in Axes
  5203 | D:7      | Noticed Harold
  5212 | D:7      | Killed Harold
  5212 | D:7      | Reached skill level 11 in Axes
  5212 | D:7      | Reached XP level 9. HP: 78/78 MP: 9/9
  5315 | D:7      | Reached skill level 12 in Axes
  6560 | D:8      | Reached XP level 10. HP: 63/89 MP: 10/10
  6895 | D:9      | Reached skill level 13 in Axes
  6973 | D:9      | Noticed Gastronok
  7000 | D:9      | Killed Gastronok
  7000 | D:9      | Reached skill level 14 in Axes
  7315 | D:9      | Found a staircase to the Lair.
  7339 | D:9      | Found Horis's Antique Armour Emporium.
  7371 | D:9      | Bought a shimmering chain mail for 209 gold pieces
  7371 | D:9      | Bought a pitted chain mail for 209 gold pieces
  7381 | D:9      | Identified the +6 chain mail of the Crown {rF+ MR+} (You
                  | bought it in a shop on level 9 of the Dungeon)
  7391 | D:9      | Identified the cursed +0 chain mail "Ziuk" {rCorr Str+4}
                  | (You bought it in a shop on level 9 of the Dungeon)
  7402 | D:9      | Bought a cloak for 99 gold pieces
  7526 | D:9      | Reached ***** piety under Trog
  7562 | D:9      | Paralysed by a hornet for 3 turns
  7881 | D:9      | Got a pair of polished boots
  7892 | D:9      | Identified the +2 pair of boots of the Poles {Dex+5} (You
                  | found it on level 9 of the Dungeon)
  7950 | D:10     | Entered Level 10 of the Dungeon
  7974 | D:10     | Reached skill level 10 in Fighting
  7974 | D:10     | Reached XP level 11. HP: 98/98 MP: 11/11
  7976 | D:10     | Paralysed by fainting for 6 turns
  8356 | D:10     | Found Girust's Weapon Shop.
  8571 | Lair:1   | Entered Level 1 of the Lair of Beasts
  8591 | Lair:1   | Identified a scroll of acquirement
  8593 | Lair:1   | Got a twisted executioner's axe
  8594 | Lair:1   | Identified the +8 executioner's axe "Quulecreb" {chop, rC+}
                  | (You acquired it on level 1 of the Lair of Beasts)
  8682 | Lair:1   | Received a gift from Trog
  8813 | Lair:1   | Reached skill level 15 in Axes
  8840 | Lair:1   | Noticed an oklob plant
  8849 | Lair:1   | Noticed an oklob plant
  8856 | Lair:1   | Killed an oklob plant
  8860 | Lair:1   | Killed an oklob plant
  8928 | Lair:1   | Reached skill level 10 in Armour
  9538 | Lair:2   | Reached skill level 16 in Axes
  9616 | Lair:2   | Noticed a five-headed hydra
  9617 | Lair:2   | Found a staircase to the Swamp.
  9621 | Lair:2   | Killed a seven-headed hydra
  9963 | Lair:2   | Reached XP level 12. HP: 109/109 MP: 12/12
 10350 | Lair:2   | Reached skill level 17 in Axes
 10758 | Lair:3   | Noticed a four-headed hydra
 10765 | Lair:3   | Killed a seven-headed hydra
 11608 | Lair:4   | Reached skill level 18 in Axes
 11676 | Lair:4   | Found a transporter.
 11906 | Lair:4   | Noticed a seven-headed hydra
 11913 | Lair:4   | Killed an 11-headed hydra
 11958 | Lair:4   | Got a heavily runed copper ring
 11960 | Lair:4   | Identified the ring "Jankyuho" {rN+ Int+3} (You found it on
                  | level 4 of the Lair of Beasts)
 11996 | Lair:4   | Found a hole to the Spider Nest.
 12270 | Lair:4   | Found a transporter.
 12459 | Lair:5   | Reached XP level 13. HP: 104/118 MP: 13/13
 12547 | Lair:5   | Found a staircase to the Slime Pits.
 12652 | Lair:5   | Received a gift from Trog
 12652 | Lair:5   | Reached skill level 19 in Axes
 12898 | Lair:5   | Noticed Sonja
 12917 | Lair:5   | Killed Sonja
 13423 | Lair:6   | Entered Level 6 of the Lair of Beasts
 13472 | Lair:6   | Found a large runed door.
 13472 | Lair:6   | Noticed a fire dragon
 13474 | Lair:6   | Found a large runed door.
 13595 | Lair:6   | Found a labyrinth entrance.
 13609 | Lab      | Entered a labyrinth
 16184 | Lab      | Noticed a minotaur
 16198 | Lab      | Killed a minotaur
 16466 | Lair:6   | Reached skill level 20 in Axes
 16839 | Lair:6   | Killed a fire dragon
 17750 | D:11     | Found a flagged portal.
 17762 | Bailey   | Entered a bailey
 18096 | D:11     | Reached XP level 14. HP: 114/129 MP: 14/14
 18425 | D:12     | Noticed Josephine
 18434 | D:12     | Killed Josephine
 18473 | D:12     | Found a staircase to the Orcish Mines.
 18528 | D:12     | Found a runed gate.
 18528 | D:12     | Found a runed gate.
 18528 | D:12     | Found a runed gate.
 18529 | D:12     | Found an opulent altar of Gozag.
 18531 | D:12     | Noticed foolusion's ghost (journeyman MiFi)
 18533 | D:12     | Noticed a tengu reaver
 18648 | D:12     | Reached skill level 21 in Axes
 19512 | D:13     | Found a runed gate.
 19514 | D:13     | Found a runed gate.
 19515 | D:13     | Found a runed gate.
 19515 | D:13     | Noticed Sakli's ghost (novice DEWz)
 19573 | D:13     | Killed Sakli's ghost
 19690 | D:13     | Received a gift from Trog
 20317 | D:13     | Found a gate to the Vaults.
 20748 | Orc:1    | Entered Level 1 of the Orcish Mines
 20837 | Orc:1    | Reached skill level 22 in Axes
 20843 | Orc:1    | Noticed a stone giant
 20847 | Orc:1    | Noticed Erolcha
 20857 | Orc:1    | Killed a stone giant
 20858 | Orc:1    | Killed Erolcha
 20949 | Orc:1    | You fall through a shaft!
 20949 | Orc:2    | Entered Level 2 of the Orcish Mines
 21210 | Orc:2    | Noticed Saint Roka
 21574 | Orc:2    | HP: 2/133 [Saint Roka/+2 battleaxe of freezing (10)]
 21575 | Orc:2    | Killed from afar by Saint Roka

Vault maps used:
D:1:      dpeg_arrival_simpleton_a
D:2:      first_ration
D:3:      kennysheep_big_flooded_room, grunt_temple_overflow_gold_and_silver,
          serial_glass, glass_columns_a, glass_columns_a, uniq_terence
D:4:      chequers_temple_overflow_minitemple, nicolae_overflow_hidden_temple,
          minmay_temple_entry_nine_rooms, st_stairs_6
D:5:      grunt_temple_overflow_open
D:6:      enter_ossuary_1, hangedman_decor_clover_reticule
D:7:      uniq_harold
D:9:      dpeg_oklobed_lair, serial_shops, kennysheep_mini_moat,
          nicolae_zen_rock_garden, minivault_11, uniq_gastronok
D:10:     serial_shops, nicolae_shop_behind_doors,
          hangedman_little_slice_of_home
D:11:     enter_bailey_2, chequers_arboretum
D:12:     david_orc_2, ebering_ghost_gozag, uniq_josephine
D:13:     grunt_vaults_entry_fortified, gammafunk_ghost_spectres,
          chequers_serial_rivers_micro_e
Temple:   dpeg_chambers_temple
Lair:1:   beast_lair_carwin_large_3, lemuel_fruit_fields, lemuel_fruit_tree,
          minmay_lair_oklob_chamber
Lair:2:   minmay_swamp_entry_reptiles, serial_rivers,
          chequers_serial_rivers_micro_a, chequers_serial_rivers_large_a,
          chequers_serial_rivers_small_b, chequers_serial_rivers_room_b,
          chequers_serial_rivers_room_a, grunt_megastairs_3,
          serial_bayou_shore_b
Lair:4:   gammafunk_cloud_chamber, nicolae_spider_entry_orb_guardian,
          infiniplex_staircase_pool_2
Lair:5:   dpeg_slime_entry_corner, lemuel_fruit_fields, uniq_sonja
Lair:6:   cheibrodos_lair_end_hotspot, lab_entry_generic, serial_bayou_shore_b
Orc:1:    nicolae_orc_tapped_out, uniq_erolcha
Orc:2:    grunt_orc_cross, serial_shops, shop, trog_book, uniq_saint_roka
Ossuary:  ossuary_tomb_3
Bailey:   bailey_axe_1, bailey

Skill      XL: |  1  2  3  4  5  6  7  8  9 10 11 12 13 14 |
---------------+-------------------------------------------+-----
Fighting       | 4 5 7 8 10 11 12 13 14 | 14.4
Dodging        | 2 3 4 |  4.2
Axes           | 5 6 7 9 11 12 14 16 18 20 22 | 22.3
Armour         | 3 4 6 7 9 10 11 12 | 12.8

Action                   |  1- 3 |  4- 6 |  7- 9 | 10-12 | 13-15 || total
-------------------------+-------+-------+-------+-------+-------++-------
Melee: Hand axe          |    97 |   168 |   333 |   181 |       ||   779
       Executioner's axe |       |       |       |   210 |   471 ||   681
Throw: Tomahawk          |       |       |       |       |    42 ||    42
Invok: Trog's Hand       |       |     4 |     3 |     3 |    11 ||    21
       Berserk           |       |     3 |     5 |     7 |    13 ||    28
       Brothers in Arms  |       |       |       |     1 |     5 ||     6
  Use: Scroll            |       |       |       |    23 |     9 ||    32
       Potion            |       |       |       |       |     2 ||     2
 Stab: Distracted        |       |       |       |       |     1 ||     1
  Eat: Chunk             |     1 |    10 |    16 |    25 |    16 ||    68
       Ration            |       |       |     1 |     1 |     8 ||    10
Armor: Leather armour    |    22 |       |       |       |       ||    22
       Chain mail        |     6 |    92 |    76 |   235 |   373 ||   782
       Plate armour      |       |       |    70 |    24 |       ||    94
Dodge: Dodged            |    66 |    58 |   103 |   164 |   423 ||   814

Table legend:
 A = Non-vault XP
 B = Vault XP
 C = Vault XP percentage of total XP
 D = Non-vault monster count
 E = Vault monster count
 F = Vault count percentage of total count
                 A         B        C        D         E       F
            +---------+---------+-------+---------+---------+-------
      Total |   52878 |   31869 |  37.6 |     418 |     167 |  28.5
            +---------+---------+-------+---------+---------+-------
        D:1 |      38 |       0 |   0.0 |      17 |       0 |   0.0
        D:2 |      49 |       0 |   0.0 |      15 |       0 |   0.0
        D:3 |     143 |      42 |  22.7 |      25 |       3 |  10.7
        D:4 |     564 |       3 |   0.5 |      38 |       1 |   2.6
        D:5 |     594 |       0 |   0.0 |      25 |       0 |   0.0
        D:6 |     692 |       0 |   0.0 |      12 |       0 |   0.0
        D:7 |     823 |    1018 |  55.3 |      22 |       1 |   4.3
        D:8 |     549 |       0 |   0.0 |      13 |       0 |   0.0
        D:9 |    1633 |    2505 |  60.5 |      17 |       1 |   5.6
       D:10 |    1280 |     163 |  11.3 |      19 |       8 |  29.6
       D:11 |    3127 |       0 |   0.0 |      14 |       0 |   0.0
       D:12 |    3176 |    1703 |  34.9 |      14 |      12 |  46.2
       D:13 |    7107 |    8786 |  55.3 |      32 |      16 |  33.3
     Lair:1 |    3105 |    1641 |  34.6 |      15 |      13 |  46.4
     Lair:2 |    5043 |    1685 |  25.0 |      20 |       8 |  28.6
     Lair:3 |    5674 |       0 |   0.0 |      22 |       0 |   0.0
     Lair:4 |    4038 |     923 |  18.6 |      12 |       6 |  33.3
     Lair:5 |    4812 |     807 |  14.4 |      19 |       1 |   5.0
     Lair:6 |    5430 |    7664 |  58.5 |      22 |      28 |  56.0
      Orc:1 |    3311 |    1088 |  24.7 |      35 |       2 |   5.4
      Orc:2 |     624 |    2927 |  82.4 |       9 |      25 |  73.5
        Lab |    1066 |       0 |   0.0 |       1 |       0 |   0.0
    Ossuary |       0 |     177 | 100.0 |       0 |      16 | 100.0
     Bailey |       0 |     737 | 100.0 |       0 |      26 | 100.0
            +---------+---------+-------+---------+---------+-------
